Purple, chaotic male elven Priest ----- |...| ------- --------- --------- |.<.| |.....| |........## .........| |...| |...... |.......|# | --.-- |.....| |.......|# # |.>...| # |.......|# ^ # --.--.- # |.......|# # # # ### -[-------# # ### # ##############@# ## # # # ############o # ## # # # . # -|--------- # # ... # |.........| --.----.-.- ...... #### |........(-######|..........# |.....| ----.-------- |.........| #..........|`### ......| +...........| |.........| |.........| # ------- |...........| ----------- |.........| ########%#######............| ----------- |...........| ----+-------- Purple the Acolyte Experience level: 4 Strength: 10 Dexterity: 11 Constitution: 16 Intelligence: 10 Wisdom: 18 Charisma: 10 Health: 0(34) Energy: 5(48) Def: 11 Gold: 410 Moves: 1797 Dungeon seed: Vncfmt0uDR8kxR0C Game ID: Purple_1614198026 Your Inventory: Coins $ - 410 gold pieces Weapons a - a blessed corroded +1 mace (weapon in hand) Armor e - a +0 robe (being worn) n - a burnt +0 small shield (being worn) q - a +0 pair of high boots (being worn) r - a +0 orcish helm (being worn) y - a +0 pair of leather gloves (being worn) z - a +5 orcish helm N - a +0 orcish helm Comestibles c - a clove of garlic d - a sprig of wolfsbane Scrolls S - a scroll of confuse monster W - a blessed scroll of enchant armor Y - a cursed scroll of confuse monster Z - a scroll of genocide Spellbooks f - a spellbook of remove curse g - a spellbook of protection m - a spellbook of clairvoyance u - a spellbook of healing Potions b - 3 potions of holy water o - a potion of acid Rings l - a ring of invisibility L - a ring of see invisible (on right hand) T - a cursed ring of teleportation U - a +1 ring of increase accuracy Wands k - a wand of opening (0:3) P - a wand of undead turning (0:3) Tools h - a magic marker (0:99) i - a bugle K - a towel V - a tinning kit (0:39) Spells and supernatural/magical abilities: Name Level Category Fail Memory h - healing 1 healing 0% 94% p - protection 1 clerical 0% 92% r - remove curse 3 clerical 0% 92% v - clairvoyance 3 divination 81% 99% W - pray for help -- divine ? -- X - turn undead -- divine ? -- Your skills at the end: Fighting Skills Weapon Skills mace [Basic] Spellcasting Skills clerical spells [Basic] Final Attributes: You were piously aligned. You were sleep resistant. You saw invisible. You had infravision. You were protected. You are dead. Vanquished creatures: a small mimic a giant ant 2 floating eyes a kobold shaman 3 hill orcs 2 rothes 2 dwarf zombies 2 acid blobs a hobgoblin 2 giant rats 2 geckos 5 jackals a goblin 2 grid bugs a lichen 5 newts 33 creatures vanquished. Voluntary challenges: You used a wielded weapon 55 times, starting on turn 78. You read items or engraved 13 times, starting on turn 115. You never genocided any monsters. You never polymorphed an object. You never changed form. You used no wishes. You never split a pudding. You wrote Elbereth's name 1 time, starting on turn 115. You never violated your personal moral code. Dungeon overview: The Dungeons of Doom: levels 1 to 6 Level 1 a fountain, a sink a long staircase Level 2 a fountain a long staircase Level 3 a scroll shop Level 4 a sink Level 5 a sink Level 6 <- You were here History has recorded: On T:1 you entered the Dungeons of Doom to retrieve the Amulet of Yendor! On T:168 you reached level 2 of The Dungeons of Doom. On T:347 you reached level 3 of The Dungeons of Doom. On T:522 you advanced to experience level 2. On T:650 you advanced to experience level 3. On T:709 you reached level 4 of The Dungeons of Doom. On T:941 you reached level 5 of The Dungeons of Doom. On T:1481 you advanced to experience level 4. On T:1529 you reached level 6 of The Dungeons of Doom. Score breakdown: Gold: 410 ( 8891 points) Experience: 4 levels ( 9649 points) Exploration: 6 levels ( 12.24%) ( 9682 points) Discoveries: 11 items ( 3.83%) ( 5873 points) Valuables value: (no points given unless you survive) Artifact value: 0 ( 0 points) Variety of kills: 16 monsters ( 4.20%) ( 6147 points) Turncount: 1797 turns ( 0 points) Survival: died (score multiplied by 80%) Total score: 32193 Latest messages: p - a bronze plate mail. You rebalance your load. Movement is difficult. The golden haze around you becomes less dense. You drop a bronze plate mail. Your movements are now unencumbered. The hill orc wields a curved sword! The crude dagger hits the hill orc. You have no ammunition readied! j - a crude dagger (in quiver). You fill your quiver: j - a crude dagger (in quiver). The crude dagger misses the hill orc. The hill orc swings her curved sword. The hill orc hits! You hit the hill orc. The hill orc swings her curved sword. The hill orc hits! You die... Final status: Goodbye Purple the Priest, killed by a hill orc... You died in The Dungeons of Doom on dungeon level 6 with 32193 points, and 410 pieces of gold, after 1797 moves. You were level 4 with a maximum of 34 hit points when you died.